 Dungeon Crawl Stone Soup version 0.31-a0-662-g684573625c (webtiles) character file.

Game seed: 1256596387365380706

133074 jlumianski the Severer (level 16, -27/129 HPs)
             Began as a Demonspawn Fighter on Aug 31, 2023.
             Was an Elder of Qazlal.
             Annihilated by a white very ugly thing (53 damage)
             ... in an ice cave.
             The game lasted 02:18:02 (45293 turns).

jlumianski the Severer (Demonspawn Fighter)        Turns: 45293, Time: 02:18:02

Health: -27/129    AC: 26    Str: 25    XL:     16   Next: 59%
Magic:  5/26       EV:  6    Int: 10    God:    Qazlal [****..]
Gold:   1405       SH: 35    Dex: 12    Spells: 15/15 levels left

rFire   . . .        c - +5 broad axe
rCold   . . .        R - +0 tower shield
rNeg    . . .        H - +0 plate armour
rPois   +            (helmet restricted)
rElec   .            w - +2 cloak
rCorr   .            m - +3 Mad Mage's Maulers {Infuse+∞ VampMP -Cast}
SInv    .            s - +2 pair of boots
Will    +....        p - amulet of reflection Stlth
                     y - +4 ring of slaying
HPRegen 0.41/turn    g - ring of poison resistance
MPRegen 0.20/turn

%: no spellcasting, repel missiles, reflection, infuse magic (5 MP)
@: no status effects
A: antennae 2, large bone plates 3, demonic guardian 3, spiny 2
a: Renounce Religion, Upheaval, Elemental Force


You were in an ice cave.
You worshipped Qazlal.
Qazlal was greatly pleased with you.
You visited 5 branches of the dungeon, and saw 25 of its levels.
You also visited: Sewer and Ice Cave.

You collected 2697 gold pieces.
You spent 1292 gold pieces at shops.

Inventory:

Hand Weapons
 c - a +5 broad axe (weapon)
 n - a +2 war axe of flaming
Missiles
 f - 17 boomerangs
 h - 2 throwing nets
 o - 4 curare-tipped darts
 q - 20 poisoned darts (quivered)
 E - 5 silver javelins
 I - 5 javelins
 V - 6 darts of dispersal
Armour
 m - the +3 Mad Mage's Maulers (worn) {Infuse+∞ VampMP -Cast}
   (You acquired it on level 4 of the Dungeon)

   Infuse+∞: It empowers its wearer's blows with all of their magic.
   VampMP:    Blows struck in melee replenish the wearer's magic.
   -Cast:     It prevents spellcasting.
 s - a +2 pair of boots (worn)
 v - +0 ice dragon scales
 w - a +2 cloak (worn)
 H - a +0 plate armour (worn)
 J - a +0 cloak
 R - a +0 tower shield (worn)
Jewellery
 g - a ring of poison resistance (right hand)
 p - an amulet of reflection (around neck)
 y - a +4 ring of slaying (left hand)
 B - a ring of fire
 F - the ring "Hathylyi" {MP+9 Int+3}
   (You found it on level 1 of the Spider Nest)

   [ring of magical power]

   Int+3:     It affects your intelligence (+3).
   MP+9:      It affects your magic capacity (+9).
 L - a ring of resist corrosion
Wands
 i - a wand of iceblast (9)
 k - a wand of polymorph (10)
 l - a wand of digging (6)
 r - a wand of charming (25)
 Q - a wand of acid (5)
 U - a wand of mindburst (1)
Scrolls
 a - a scroll of vulnerability
 e - 16 scrolls of teleportation
 j - 3 scrolls of fog
 x - 2 scrolls of poison
 C - a scroll of immolation
 N - 7 scrolls of identify
 P - 2 scrolls of blinking
 T - 2 scrolls of fear
Potions
 d - 3 potions of might
 t - 6 potions of enlightenment
 u - 6 potions of curing
 z - 5 potions of cancellation
 A - 3 potions of haste
 D - a potion of berserk rage
 G - a potion of resistance
 S - 4 potions of heal wounds
Miscellaneous
 b - a condenser vane (inert)


   Skills:
 * Level 12.9 Fighting
 + Level 15.4 Axes
 - Level 0.4(10.0) Polearms
 + Level 3.8 Throwing
 + Level 11.0 Armour
 - Level 0.8 Dodging
 - Level 1.6 Stealth
 + Level 13.3 Shields
 * Level 14.3 Invocations
 * Level 7.0 Evocations


You had 15 spell levels left.
You didn't know any spells.
Your spell library contained the following spells:

 Spells                   Type           Power      Damage    Failure   Level
 Shock                    Conj/Air       0%         1d3       100%        1
 Blink                    Tloc           0%         N/A       100%        2
 Ensorcelled Hibernation  Hex/Ice        0%         N/A       100%        2
 Lesser Beckoning         Tloc           0%         N/A       100%        2
 Momentum Strike          Conj/Tloc      0%         3d8       100%        2
 Passwall                 Tmut/Erth      0%         N/A       100%        2
 Static Discharge         Conj/Air       0%         2-2/arc   100%        2
 Call Canine Familiar     Summ           0%         N/A       100%        3
 Dazzling Flash           Conj/Hex       0%         N/A       100%        3
 Gell's Gravitas          Tloc           0%         N/A       100%        3
 Ozocubu's Armour         Ice            0%         N/A       100%        3
 Portal Projectile        Hex/Tloc       0%         N/A       100%        3
 Stone Arrow              Conj/Erth      0%         3d7       100%        3
 Swiftness                Air            0%         N/A       100%        3
 Teleport Other           Tloc           0%         N/A       100%        3
 Airstrike                Air            0%         2d(0-16)  100%        4
 Animate Armour           Summ/Erth      0%         N/A       100%        4
 Animate Dead             Necr           0%         N/A       100%        4
 Cause Fear               Hex            0%         N/A       100%        4
 Leda's Liquefaction      Hex/Erth       0%         N/A       100%        4
 Summon Lightning Spire   Summ/Air       0%         N/A       100%        4
 Agony                    Necr           0%         N/A       100%        5
 Borgnjor's Vile Clutch   Necr/Erth      0%         N/A       100%        5
 Fireball                 Conj/Fire      0%         3d3       100%        5
 Lee's Rapid Deconstruct  Erth           0%         3d4*      100%        5
 Metabolic Englaciation   Hex/Ice        0%         N/A       100%        5
 Silence                  Hex/Air        0%         N/A       100%        5
 Summon Forest            Summ/Tloc      0%         N/A       100%        5
 Death Channel            Necr           0%         N/A       100%        6
 Eringya's Noxious Bog    Tmut/Pois      0%         4d6       100%        6
 Simulacrum               Ice/Necr       0%         N/A       100%        6
 Summon Hydra             Summ           0%         N/A       100%        7
 Lehudib's Crystal Spear  Conj/Erth      0%         10d2      100%        8
 Dragon's Call            Summ           0%         N/A       100%        9


Dungeon Overview and Level Annotations

Branches:
Dungeon (15/15)            Temple (1/1) D:6            Lair (5/5) D:9
  Swamp (0/4) Lair:2       Spider (2/4) Lair:3        Slime (0/5) Lair:5
    Orc (2/2) D:10            Elf (0/3) Orc:2        Vaults (0/5) D:14
 Depths (0/4) D:15          Sewer (visited)           IceCv (1/1)

Altars:
Ashenzari
Cheibriados
Dithmenos
Fedhas
Gozag
Hepliaklqana
Kikubaaqudgha
Makhleb
Nemelex Xobeh
Okawaru
Qazlal
Ru
Sif Muna
Trog
Uskayaw
Vehumet
Wu Jian
Xom
Yredelemnul
Jiyva
Lugonu

Shops:
D:9 ??(?   Orc:1 *   Orc:2 ([*[(

Portals:
Abyss: Lair:5

Annotations:
D:6 exclusion: statue IceCv 1 transporter, exclusion: orange crystal statue


Innate Abilities, Weirdness & Mutations

You have a pair of antennae on your head.
You are completely covered in large bone plates. (SH +8)
A powerful demonic guardian rushes to your aid.
You are mostly covered in sharp spines.


Message History

There is a transporter here.
Press: ? - help, v - describe, . - travel
Here: an orange crystal statue (fire blocked by a translucent stone wall)
The floor.
You enter the transporter and appear at another place.
You block the white very ugly thing's attack.
The orange crystal statue glitters.
Clouds condense from the air!
The condenser dries out!
You block the white very ugly thing's attack.
The harpy simulacrum is struck by your spines.
The harpy simulacrum completely misses you.
You block the harpy simulacrum's attack.
The freezing wraith is engulfed in blazing flames.
The freezing wraith hits you but does no damage.
You block the freezing wraith's attack.
The orange crystal statue glitters.
You are confused.
You feel better.
You block the harpy simulacrum's attack. x2
You block the white very ugly thing's attack.
The harpy simulacrum is struck by your spines.
The harpy simulacrum claws you. The harpy simulacrum freezes you!
The harpy simulacrum claws you. The harpy simulacrum freezes you!
* * * LOW HITPOINT WARNING * * *
The freezing wraith is engulfed in blazing flames.
You block the freezing wraith's attack. x2
The freezing wraith hits you but does no damage.
The freezing wraith barely misses you.
The orange crystal statue glitters topaz in the dim dungeon light.
The orange crystal statue glitters.
You are confused.
You feel better.
The harpy simulacrum is struck by your spines.
The harpy simulacrum vaporises!
The white very ugly thing is engulfed in a thunderstorm.
The white very ugly thing is struck by your spines.
The white very ugly thing tail-slaps you!
* * * LOW HITPOINT WARNING * * *
The white very ugly thing freezes you!!!
You die...

### ##### #∩.#
###...#### #..8#
##........##
#...8##..........##
#...§8#...........##
#§§...#....8.......#
#§?§Wu#8...........#
#8Z§W@#©©[......†∩∩#
#§§§Z§#8.[.........#
#§§.§.#.(..8.......#
#....8#...........##
#...8##..........##
#..8# ##........##
#©.# ###...#### ###
#####


You could see a white very ugly thing, an orange crystal statue, 2 freezing
wraiths, a lindwurm simulacrum (summoned) and a caustic shrike simulacrum
(summoned).

Vanquished Creatures
  Frances (D:12)
  Kirke (D:15)
  Roxanne (D:15)
  The ghost of Dittersdorf the Warrior, an adept GrFi of Okawaru (D:12)
  An orc warlord (Orc:1)
  A very ugly thing (IceCv)
  The ghost of javelincjr the Fighter, a journeyman DsFi of Jiyva (Spider:1)
  Nessos (D:15)
  Azrael (D:12)
  The ghost of javelincjr the Trooper, a journeyman DsFE of Qazlal (Lair:2)
  8 vault guards
  3 hydras
  A caustic shrike simulacrum (IceCv)
  4 boulder beetles
  3 centaur warriors
  3 ogre magi
  21 two-headed ogres
  A boulder beetle (shapeshifter) (Lair:4)
  A satyr (shapeshifter) (Lair:4)
  2 tengu warriors
  4 thrashing horrors (Lair:5)
  2 demonic crawlers (Spider:1)
  4 skeletal warriors
  3 skysharks
  A pharaoh ant (Spider:2)
  A death drake (shapeshifter) (Lair:5)
  2 deep trolls
  Lodul (D:12)
  A bog body (Lair:2)
  3 orb spiders (Spider:1)
  4 wizards
  A deep elf pyromancer (D:14)
  A necromancer (D:15)
  A large abomination (Lair:5)
  2 orc knights
  2 ugly things (D:11)
  3 steelbarb worms (Spider:1)
  8 elephants
  3 orc sorcerers
  2 manticores (D:13)
  5 cyclopes
  6 wolf spiders
  A moth of wrath (shapeshifter) (D:13)
  2 moths of wrath (Spider:1)
  Maurice (D:9)
  A centaur zombie (D:15)
  2 smoke demons (Lair:5)
  3 black mambas
  A torpor snail (Lair:4)
  A cane toad (shapeshifter) (D:14)
  A gargoyle (D:13)
  An efreet (D:15)
  An unseen horror (D:11)
  5 yaktaurs (D:15)
  15 cane toads
  8 rime drakes
  An anaconda simulacrum (IceCv)
  8 komodo dragons
  A freezing wraith (D:13)
  A golden dragon simulacrum (IceCv)
  A tengu conjurer (D:15)
  A queen bee (Lair:2)
  4 polar bears
  21 trolls
  A meliai (shapeshifter) (D:14)
  12 meliai
  11 tarantellas
  2 hornets
  21 blink frogs
  2 raiju
  12 slime creatures
  7 jumping spiders
  7 spriggans
  3 ynoxinuls
  4 shadows
  8 culicivoras
  9 wyverns
  A vampire (D:12)
  45 yaks
  A centaur simulacrum (D:15)
  2 hogs (D:15)
  4 basilisks
  2 wraiths
  A basilisk (shapeshifter) (Lair:5)
  2 fire bats (Lair:1)
  2 fire elementals (D:11)
  A steam dragon (D:8)
  9 redbacks
  6 vampire mosquitoes
  A harpy simulacrum (IceCv)
  3 acid dragons
  4 wargs
  10 water moccasins
  A hell hound (D:11)
  Duvessa (D:6)
  19 orc warriors
  32 ogres
  A sky beast (D:6)
  2 ettin simulacra (IceCv)
  An ice beast (D:7)
  4 wolves (Lair:2)
  12 centaurs
  3 kobold brigands
  10 bullfrogs
  A gnoll sergeant (D:8)
  2 scorpions
  11 small abominations
  12 wights
  Dowan (D:6)
  16 killer bees
  A lindwurm simulacrum (IceCv)
  13 howler monkeys
  An electric eel (Lair:3)
  A lava snake (Lair:1)
  6 hounds
  19 orc priests
  A gnoll bouda (D:6)
  6 jellies
  A sleepcap (D:4)
  3 iguanas
  22 orc wizards
  A boggart skeleton (D:15)
  A hound zombie (D:2)
  8 gnolls
  4 river rats (Sewer)
  8 adders
  An adder zombie (D:2)
  2 worms (D:4)
  6 dart slugs
  81 orcs
  5 bats
  10 endoplasms
  2 giant cockroaches
  11 goblins
  6 hobgoblins
  5 jackals
  A quokka (D:4)
  5 ball pythons
  A ball python zombie (D:2)
  2 frilled lizards
  16 kobolds
  8 rats
778 creatures vanquished.

Vanquished Creatures (collateral kills)
  An emperor scorpion (Spider:1)
  An ogre mage (D:15)
  2 two-headed ogres (D:15)
  A demonic crawler (Spider:1)
  A lindwurm (Lair:5)
  A manticore (D:12)
  An orc sorcerer (Orc:1)
  A moth of wrath (Lair:2)
  A cane toad (Lair:4)
  2 komodo dragons
  A troll (D:10)
  A tarantella (Spider:1)
  A hornet (Lair:2)
  A blink frog (Lair:4)
  A jumping spider (Spider:1)
  A spriggan (Lair:5)
  A wyvern (Lair:5)
  A dire elephant simulacrum (IceCv)
  A fire elemental (D:11)
  A hog (D:15)
  2 yaks
  A steam dragon (D:7)
  A water moccasin (Lair:5)
  A hell hound (D:12)
  An orc warrior (Orc:1)
  An ogre (Orc:2)
  A wight (D:3)
  An electric eel (Lair:3)
  2 orc wizards
  A gnoll (D:2)
  5 orcs
  A jackal (D:3)
40 creatures vanquished.

Vanquished Creatures (others)
  A kobold brigand (Sewer)
1 creature vanquished.

Grand Total: 819 creatures vanquished

Notes
Turn   | Place    | Note
-------+----------+-------------------------------------------
     0 | D:1      | jlumianski the Demonspawn Fighter began the quest for the
                  | Orb.
     0 | D:1      | Reached XP level 1. HP: 18/18 MP: 1/1
   343 | D:1      | Reached skill level 2 in Axes
   343 | D:1      | Gained mutation: You are partially covered in large bone
                  | plates. (SH +4) [demonic ancestry]
   343 | D:1      | Reached XP level 2. HP: 21/24 MP: 2/2
   896 | D:2      | Gained mutation: A weak demonic guardian rushes to your
                  | aid. [demonic ancestry]
   896 | D:2      | Reached XP level 3. HP: 29/29 MP: 3/3
  1180 | D:2      | Gained mutation: You are mostly covered in large bone
                  | plates. (SH +6) [demonic ancestry]
  1180 | D:2      | Reached XP level 4. HP: 29/37 MP: 4/4
  1882 | D:2      | Reached skill level 3 in Axes
  2176 | D:2      | Reached XP level 5. HP: 33/42 MP: 5/5
  2372 | D:3      | Found a faded altar of an unknown god.
  2638 | D:3      | Identified the +3 dagger of Fragile Peace {venom, Int+3}
  3028 | D:3      | Gained mutation: You have a pair of small antennae on your
                  | head. [demonic ancestry]
  3028 | D:3      | Reached XP level 6. HP: 48/48 MP: 6/6
  3576 | D:4      | Reached skill level 4 in Axes
  3579 | D:4      | Identified a scroll of acquirement
  3579 | D:4      | Acquired the +3 Mad Mage's Maulers {Infuse+∞ VampMP -Cast}
  3579 | D:4      | Found the +3 Mad Mage's Maulers {Infuse+∞ VampMP -Cast}
  3819 | D:4      | Gained mutation: A demonic guardian rushes to your aid.
                  | [demonic ancestry]
  3819 | D:4      | Reached XP level 7. HP: 48/54 MP: 2/7
  4523 | D:4      | Reached skill level 5 in Axes
  4530 | D:5      | Entered Level 5 of the Dungeon
  4772 | D:5      | Found a glowing drain.
  4781 | Sewer    | Entered a sewer
  5142 | Sewer    | Reached XP level 8. HP: 44/61 MP: 1/8
  5326 | D:4      | Reached skill level 6 in Axes
  5566 | D:4      | Found a basalt altar of Yredelemnul.
  5567 | D:4      | Found a sacrificial altar of Ru.
  5610 | D:4      | Found a shadowy altar of Dithmenos.
  6017 | D:5      | Reached skill level 5 in Fighting
  6242 | D:5      | Reached skill level 1 in Throwing
  6308 | D:6      | Found a staircase to the Ecumenical Temple.
  6318 | Temple   | Entered the Ecumenical Temple
  6360 | Temple   | Became a worshipper of Qazlal Stormbringer
  6766 | D:5      | Reached skill level 5 in Armour
  6935 | D:7      | Identified the +0 leather armour of Sosefytt {rCorr Int+2}
  7177 | D:6      | Found a radiant altar of Vehumet.
  7932 | D:6      | Reached skill level 7 in Axes
  8420 | D:7      | Reached XP level 9. HP: 36/68 MP: 0/9
  8453 | D:6      | Reached skill level 5 in Shields
  8541 | D:6      | Reached skill level 1 in Stealth
  9716 | D:7      | Reached * piety under Qazlal
  9891 | D:7      | Noticed Dowan
  9891 | D:7      | Noticed Duvessa
  9951 | D:6      | Reached skill level 8 in Axes
 10008 | D:6      | Killed Dowan
 10015 | D:6      | Killed Duvessa
 10143 | D:7      | Noticed a moth of wrath
 10147 | D:7      | Found a bloodstained altar of Trog.
 11205 | D:8      | Gained mutation: A powerful demonic guardian rushes to your
                  | aid. [demonic ancestry]
 11205 | D:8      | Reached XP level 10. HP: 76/76 MP: 3/10
 11947 | D:9      | Noticed Maurice
 12036 | D:9      | Killed Maurice
 12154 | D:10     | Entered Level 10 of the Dungeon
 12163 | D:9      | Reached skill level 9 in Axes
 12395 | D:9      | Found a staircase to the Lair.
 12404 | D:9      | Found Qugiu's Magic Scroll Shop.
 12421 | D:8      | Reached ** piety under Qazlal
 12696 | D:9      | Bought a scroll of enchant weapon for 127 gold pieces
 12696 | D:9      | Bought a scroll of identify for 34 gold pieces
 12696 | D:9      | Bought a scroll of enchant armour for 127 gold pieces
 13098 | D:9      | Found Xun Quh's Antique Weapon Shoppe.
 13131 | D:9      | Found Zumug's Magic Scroll Shoppe.
 13138 | D:9      | Bought a scroll of fear for 44 gold pieces
 13138 | D:9      | Bought a scroll of identify for 22 gold pieces
 13138 | D:9      | Bought a scroll of identify for 22 gold pieces
 13344 | D:9      | Found Baschoag's Magic Scroll Emporium.
 13353 | D:9      | Bought a scroll of identify for 34 gold pieces
 13353 | D:9      | Bought a scroll of brand weapon for 161 gold pieces
 13353 | D:9      | Bought a scroll of identify for 34 gold pieces
 13618 | Lair:1   | Entered Level 1 of the Lair of Beasts
 13711 | D:10     | Found a broken altar of Ashenzari.
 13937 | D:10     | Reached skill level 1 in Invocations
 14165 | D:10     | Reached skill level 10 in Axes
 14716 | D:11     | Identified the +0 buckler "Arahig" {Harm *Slow Will+}
 14737 | D:10     | Found a staircase to the Orcish Mines.
 14961 | D:10     | Noticed a two-headed ogre
 15035 | D:10     | Killed a two-headed ogre
 15036 | D:10     | Reached XP level 11. HP: 64/84 MP: 2/13
 15455 | D:10     | Found an ornate altar of the Wu Jian Council.
 15620 | D:10     | Found a sparkling altar of Nemelex Xobeh.
 15620 | D:10     | Found an opulent altar of Gozag.
 15858 | D:12     | Noticed Lodul
 15859 | D:12     | Noticed a purple ugly thing
 16596 | D:11     | Noticed a two-headed ogre
 16613 | D:11     | Killed a two-headed ogre
 17119 | D:12     | Noticed Dittersdorf's ghost (adept GrFi)
 17119 | D:12     | Noticed a boulder beetle
 17138 | D:11     | Killed a boulder beetle
 17257 | D:12     | Noticed a two-headed ogre
 17258 | D:12     | Noticed a brown ugly thing
 17261 | D:11     | Killed a two-headed ogre
 17262 | D:11     | Reached skill level 5 in Invocations
 17270 | D:11     | Killed a brown ugly thing
 17295 | D:11     | Noticed a two-headed ogre
 17683 | D:11     | Killed a two-headed ogre
 17922 | D:11     | Killed a purple ugly thing
 17923 | D:11     | Reached skill level 11 in Axes
 17941 | D:12     | Noticed Azrael
 19339 | Lair:1   | Gained mutation: You are partially covered in sharp spines.
                  | [demonic ancestry]
 19339 | Lair:1   | Reached XP level 12. HP: 87/92 MP: 1/16
 19997 | Lair:2   | Reached *** piety under Qazlal
 20307 | Lair:2   | Found a transporter.
 20307 | Lair:2   | Noticed javelincjr's ghost (journeyman DsFE)
 20740 | Lair:2   | Reached skill level 12 in Axes
 20748 | Lair:2   | Found a staircase to the Swamp.
 20796 | Lair:2   | Reached **** piety under Qazlal
 20839 | Lair:2   | Noticed an eight-headed hydra
 20851 | Lair:2   | Killed an eight-headed hydra
 21503 | Lair:2   | Found a transporter.
 21516 | Lair:2   | Found a bloodstained altar of Trog.
 22453 | Lair:2   | Killed javelincjr's ghost
 22698 | Lair:3   | Gained mutation: You have a pair of antennae on your head.
                  | [demonic ancestry]
 22698 | Lair:3   | Reached XP level 13. HP: 99/99 MP: 5/19
 23668 | Lair:4   | Reached skill level 10 in Shields
 23915 | Lair:4   | Identified the +3 orcbow "Lav Tunn" {drain, Dex+5}
 24394 | Lair:5   | Entered Level 5 of the Lair of Beasts
 24534 | Lair:4   | Reached skill level 10 in Invocations
 24941 | Lair:4   | Reached skill level 13 in Axes
 25979 | Lair:3   | Found a hole to the Spider Nest.
 26702 | Lair:5   | Reached skill level 10 in Fighting
 26730 | Lair:5   | Reached ***** piety under Qazlal
 26944 | Lair:5   | Gained mutation: You are completely covered in large bone
                  | plates. (SH +8) [demonic ancestry]
 26944 | Lair:5   | Reached XP level 14. HP: 110/110 MP: 4/22
 27918 | Lair:5   | Found a staircase to the Slime Pits.
 27918 | Lair:5   | Found a viscous altar of Jiyva.
 29269 | Lair:5   | Reached skill level 10 in Armour
 29281 | Lair:5   | Found a corrupted altar of Lugonu.
 29281 | Lair:5   | Found a one-way gate to the infinite horrors of the Abyss.
 29640 | Orc:1    | Entered Level 1 of the Orcish Mines
 29881 | Orc:1    | Found Ykaeddeuta's Gadget Gallery.
 29887 | Orc:1    | Bought a condenser vane for 560 gold pieces
 30037 | Orc:1    | Noticed an orc warlord
 30166 | Orc:1    | Killed an orc warlord
 30433 | Orc:1    | Reached skill level 1 in Evocations
 30721 | Orc:2    | Entered Level 2 of the Orcish Mines
 30721 | Orc:2    | Found a staircase to the Elven Halls.
 31750 | D:9      | Bought a scroll of enchant weapon for 127 gold pieces
 32222 | Orc:1    | Reached skill level 14 in Axes
 32749 | Orc:2    | Paralysed by something for 5 turns
 32783 | Orc:2    | Reached XP level 15. HP: 41/118 MP: 1/24
 33053 | Orc:2    | Found Azes's Armour Shoppe.
 33056 | Orc:2    | Found Jiammus's Armour Emporium.
 33063 | Orc:2    | Found Doxt's Weapon Shoppe.
 33065 | Orc:2    | Found Icsol's General Store.
 33074 | Orc:2    | Found Munab's Weapon Emporium.
 34075 | D:12     | Killed Azrael
 34481 | D:12     | Killed Lodul
 34507 | D:12     | Found a runed translucent door.
 34624 | D:12     | Identified the +5 spear of the Messenger {holy, MP+9 Str+6
                  | Dex-5}
 34979 | D:12     | Noticed Frances
 34984 | D:12     | Killed Frances
 35296 | D:12     | Killed Dittersdorf's ghost
 37422 | D:14     | Found a sparkling altar of Nemelex Xobeh.
 38090 | D:15     | Entered Level 15 of the Dungeon
 38101 | D:15     | Identified the +7 mace of Uske {flame, rN+ rCorr MP+9
                  | Int+2}
 38113 | D:14     | Found a gate to the Vaults.
 38277 | D:14     | Reached skill level 5 in Evocations
 41330 | D:15     | Found a staircase to the Depths.
 41559 | D:15     | Gained mutation: You are mostly covered in sharp spines.
                  | [demonic ancestry]
 41559 | D:15     | Reached XP level 16. HP: 114/127 MP: 2/26
 41560 | D:15     | Reached skill level 15 in Axes
 41708 | D:15     | Noticed Kirke
 41718 | D:15     | Killed Kirke
 42124 | D:15     | Noticed Roxanne
 42242 | D:15     | Noticed Nessos
 42247 | D:15     | Killed Nessos
 42380 | D:15     | Killed Roxanne
 42739 | Spider:1 | Entered Level 1 of the Spider Nest
 43148 | Spider:1 | Found a transporter.
 43151 | Spider:1 | Noticed javelincjr's ghost (journeyman DsFi)
 43378 | Spider:1 | Found a transporter.
 43890 | Spider:1 | Identified the +3 ring mail of the Zebra {rElec}
 44149 | Spider:1 | HP: 2/129 [wolf spider (8)]
 44754 | Spider:1 | Killed javelincjr's ghost
 44892 | Spider:1 | Identified the ring "Hathylyi" {MP+9 Int+3}
 45252 | Spider:2 | Found a frozen archway.
 45257 | IceCv    | Entered an ice cave
 45274 | IceCv    | Found a transporter.
 45284 | IceCv    | Found a transporter.
 45293 | IceCv    | Annihilated by a white very ugly thing

Illustrated notes

Levels and vault maps discovered:
D:1:      lemuel_arrival_rhombus, layout_basic
D:2:      layout_loops_cross, serial_undead, serial_undead_b, serial_undead_e,
          serial_undead_e, serial_undead_b
D:3:      layout_loops_corners, hellmonk_ecumenical_altar_slurped_away
D:4:      layout_loops_ring, kennysheep_mini, mainiacjoe_overflow_divided_tiny
D:5:      layout_basic, portal_sewer_entry_d, minmay_door_square
D:6:      layout_basic, vehumet_statue, minmay_temple_entry_arrows
D:7:      layout_loops_cross, tgw_trog, uniq_duvessa
D:8:      kennysheep_blocky_hall, layout_cave_pods, old_standard_altar
D:9:      layout_basic, erik_lair_orcish_takeover, serial_shops,
          nicolae_take_the_stairs, nicolae_shop_crystal, shop, shop,
          uniq_maurice
D:10:     nicolae_cairo_tiling, layout_basic, grunt_temple_overflow_opulence,
          mainiacjoe_overflow_surrounded_room, nzn_wu_jian_council_hall,
          david_orc_2, kennysheep_nondescript, minmay_fractal_squares_gapless_5
D:11:     layout_irregular_city
D:12:     layout_rooms, hellmonk_ghost_big_iron, uniq_lodul, uniq_azrael,
          uniq_frances
D:13:     layout_long_grid, minmay_fractal_squares_5
D:14:     layout_stronghold, erik_vaults_2, nemelex_xobeh_ov_fountains_minmay
D:15:     grunt_enter_depths_magical_seal, layout_gridville,
          hangedman_decor_growths, uniq_roxanne, uniq_kirke, uniq_nessos
Temple:   nicolae_temple_hex_pool
Lair:1:   layout_gridlike
Lair:2:   layout_layer_cave, skrybe_swamp_entry_bodies, special_room
          [special_room_bee], gammafunk_ghost_wrathful_warriors,
          grunt_megastairs_4
Lair:3:   layout_gridlike, spider_nest_entry_a, grunt_megastairs_5,
          infiniplex_staircase_pool_2
Lair:4:   layout_regular_city, gauntlet_entry_generic, minmay_lair_drake_nest
Lair:5:   hellmonk_lair_end_abyssal_woods, layout_gridlike,
          minmay_slime_entry_pillars
Spider:1: nicolae_spider_mines_3, gammafunk_ghost_berserking_beasts
Spider:2: layout_spider_delve, portal_ice_cave_entry_pillars_four
Orc:1:    layout_caves, nicolae_shop_gadgets
Orc:2:    st_orc_open, layout_caves, serial_shops, nicolae_square_shop
IceCv:    ice_cave_statue_garden_transporter

Skill      XL: |  1  2  3  4  5  6  7  8  9 10 11 12 13 14 15 16 |
---------------+-------------------------------------------------+-----
Axes           | 2 3 4 5 7 8 10 11 12 13 14 15 | 15.4
Shields        | 3 4 5 7 8 9 10 11 12 13 | 13.3
Armour         | 3 4 5 6 7 8 9 10 11 | 11.0
Fighting       | 4 5 6 7 8 10 11 12 | 12.9
Throwing       | 1 2 3 |  3.8
Stealth        | 1 |  1.6
Invocations    | 3 6 8 10 12 13 14 | 14.3
Evocations     | 3 6 7 |  7.0
Polearms       | |  0.4
Dodging        | |  0.8

Action                     |  1- 3 |  4- 6 |  7- 9 | 10-12 | 13-15 | 16-18 || total
---------------------------+-------+-------+-------+-------+-------+-------++-------
  Melee: War axe           |    96 |   249 |   264 |   509 |   368 |       ||  1486
         Unarmed           |       |       |       |     8 |       |       ||     8
         Trident           |       |       |       |     2 |       |       ||     2
         Demon trident     |       |       |       |       |     3 |       ||     3
         Broad axe         |       |       |       |       |   344 |   186 ||   530
  Throw: Boomerang         |       |       |     7 |       |       |       ||     7
         Stone             |       |       |     5 |       |       |       ||     5
         Dart              |       |       |     8 |    30 |     9 |    10 ||    57
         Javelin           |       |       |       |     1 |       |       ||     1
 Invoke: Upheaval          |       |       |       |     1 |     2 |     1 ||     4
         Elemental Force   |       |       |       |     1 |    10 |     5 ||    16
         Disaster Area     |       |       |       |       |     1 |       ||     1
  Evoke: Wand              |       |       |       |     2 |       |       ||     2
         Condenser vane    |       |       |       |       |     1 |     1 ||     2
    Use: Scroll            |       |     4 |     4 |    15 |     8 |     3 ||    34
         Potion            |       |     1 |     5 |     2 |       |     4 ||    12
   Stab: Paralysed         |       |       |       |       |     5 |     2 ||     7
         Distracted        |       |       |       |       |     3 |     1 ||     4
 Armour: Scale mail        |    97 |    57 |       |       |       |       ||   154
         Chain mail        |       |   140 |   169 |    11 |       |       ||   320
         Plate armour      |       |       |       |   330 |   376 |   145 ||   851
         Skin              |       |       |       |     5 |       |       ||     5
  Dodge: Dodged            |    53 |    78 |    90 |    88 |    93 |    23 ||   425
         Repelled          |       |       |       |       |     5 |       ||     5
  Block: Buckler           |    52 |   159 |   160 |   473 |   701 |       ||  1545
         Reflection        |       |       |       |     1 |    44 |     6 ||    51
         Kite shield       |       |       |       |       |   154 |       ||   154
         Tower shield      |       |       |       |       |    97 |   369 ||   466

Table legend: (Time is in decaauts)
 A = Elapsed time spent in this place.
 B = Non-inter-level travel time spent in this place.
 C = Inter-level travel time spent in this place.
 D = Time resting spent in this place.
 E = Time spent auto-exploring this place.
 F = Levels seen in this place.
 G = Mean time per level.
                   A        B        C        D        E       F      G
               +--------+--------+--------+--------+--------+-----+--------+
         Total |  45638 |  44383 |   1255 |   9018 |  25465 |  27 | 1690.3 |
       Dungeon |  27432 |  26569 |    863 |   4742 |  16196 |  15 | 1828.8 |
        Temple |     79 |     79 |      0 |      0 |      0 |   1 |   79.0 |
          Lair |  12204 |  11909 |    295 |   2576 |   7127 |   5 | 2440.8 |
   Spider Nest |   1752 |   1752 |      0 |    176 |    802 |   2 |  876.0 |
  Orcish Mines |   3555 |   3459 |     96 |   1345 |   1224 |   2 | 1777.5 |
         Sewer |    577 |    577 |      0 |    179 |    116 |   1 |  577.0 |
      Ice Cave |     35 |     35 |      0 |      0 |      0 |   1 |   35.0 |
               +--------+--------+--------+--------+--------+-----+--------+

Top non-repeatable levels by time:
  Lair:4: 3294 daAuts
    D:11: 3075 daAuts
    D:15: 2714 daAuts
  Lair:2: 2680 daAuts
   Orc:1: 2560 daAuts
    D:10: 2479 daAuts
  Lair:5: 2383 daAuts
    D:14: 2217 daAuts
  Lair:3: 2189 daAuts
     D:6: 2080 daAuts
    D:13: 1995 daAuts
     D:9: 1969 daAuts
     D:8: 1843 daAuts
  Lair:1: 1657 daAuts
     D:7: 1481 daAuts
